 Dungeon Crawl Stone Soup version 0.22-a0-858-g985ef60 (webtiles) character file.

10269 inc the Basher (level 11, -6/111 HPs)
             Began as an Ogre Ice Elementalist on July 27, 2018.
             Was a Believer of Ashenzari.
             Mangled by an orc
             ... wielding a +0 flail
              (11 damage)
             ... on level 11 of the Dungeon.
             The game lasted 00:33:54 (19448 turns).

inc the Basher (Ogre Ice Elementalist)             Turns: 19448, Time: 00:33:55

Health: -6/111     AC:  3    Str: 15      XL:     11   Next: 59%
Magic:  6/20       EV: 10    Int: 18      God:    Ashenzari [**....]
Gold:   685        SH:  0    Dex:  7 (9)  Spells: 10/22 levels left

rFire    + . .     SeeInvis .   a - +4 giant club (curse)
rCold    . . .     Gourm    .   (shield currently unavailable)
rNeg     . . .     Faith    .   I - +0 robe (curse)
rPois    .         Spirit   .   (helmet restricted)
rElec    .         Reflect  .   p - scarf {repulsion} (curse)
rCorr    .         Harm     .   (gloves unavailable)
MR       ++...                  (boots unavailable)
Stlth    ++........             (no amulet)
HPRegen  0.28/turn              f - ring of protection from magic (curse)
MPRegen  0.17/turn              B - ring of protection from fire (curse)

@: about to teleport, invisible, repel missiles
A: large, unfitting armour, tough skin 1
a: Curse Item, Scrying, Renounce Religion


You were on level 11 of the Dungeon.
You worshipped Ashenzari.
Ashenzari was pleased with you.
You were very hungry.

You visited 2 branches of the dungeon, and saw 12 of its levels.

You collected 685 gold pieces.

Inventory:

Hand Weapons
 a - a cursed +4 giant club (weapon)
 b - a +0 whip
 h - a +2 whip of electrocution
 i - a +1 short sword
 n - a +0 mace
Armour
 p - a cursed scarf of repulsion (worn)
 I - a cursed +0 robe (worn)
Jewellery
 f - a cursed ring of protection from magic (left hand)
 t - an uncursed amulet of faith
 w - an uncursed ring of fire
 x - an uncursed ring of stealth
 B - a cursed ring of protection from fire (right hand)
 H - an uncursed ring of stealth
Wands
 y - a wand of paralysis (6)
 F - a wand of acid (2)
 L - a wand of scattershot (7)
Scrolls
 j - 6 scrolls of identify
 r - a scroll of blinking {unknown}
 s - 4 scrolls of remove curse
 u - a scroll of teleportation
 v - a scroll of random uselessness
 z - 2 scrolls of enchant armour
 A - 4 scrolls of magic mapping
 C - a scroll of fog
 D - a scroll of amnesia
 E - 2 scrolls of vulnerability
 K - a scroll of brand weapon {unknown}
Potions
 d - a potion of ambrosia
 e - 2 potions of agility
 g - a potion of cancellation
 k - a potion of degeneration {unknown}
 l - 3 potions of lignification
 m - 2 potions of haste
 o - 3 potions of brilliance
 q - a potion of invisibility
 J - 2 potions of might
Comestibles
 c - 14 rations


   Skills:
 - Level 8.1 Fighting
 + Level 9.2(12.1) Maces & Flails
 - Level 1.7(2.8) Dodging
 - Level 1.4(2.4) Stealth
 - Level 6.0 Spellcasting
 - Level 7.0(8.5) Conjurations
 - Level 6.3(7.8) Summonings
 - Level 7.0(8.5) Ice Magic


You had 10 spell levels left.
You knew the following spells:

 Your Spells              Type           Power        Failure   Level  Hunger
a - Freeze                Ice            ####         1%          1    None
b - Ozocubu's Armour      Chrm/Ice       ###.....     6%          3    ##.....
c - Throw Icicle          Conj/Ice       #####...     3%          4    ####...
d - Summon Ice Beast      Ice/Summ       ####....     4%          4    ####...

Your spell library contained the following spells:

 Spells                   Type           Power        Failure   Level  Hunger
 Apportation              Tloc           #.....       11%         1    None
 Confuse                  Hex            #.......     32%         3    ##.....
 Throw Frost              Conj/Ice       #####.       1%          2    None
 Summon Small Mammal      Summ           ####         1%          1    None
 Animate Skeleton         Necr           N/A          11%         1    None
 Tukima's Dance           Hex            #.......     32%         3    ##.....
 Confusing Touch          Hex            #.....       11%         1    None
 Ensorcelled Hibernation  Hex/Ice        ###...       3%          2    None
 Corona                   Hex            #......      11%         1    None
 Dazzling Spray           Conj/Hex       ###...       6%          3    ##.....


Dungeon Overview and Level Annotations

Branches:
Dungeon (11/15)            Temple (1/1) D:5            Lair (0/6) D:10
    Orc: D:9-12

Altars:
Ashenzari
Cheibriados
Dithmenos
Elyvilon
Fedhas
Gozag
Hepliaklqana
Kikubaaqudgha
Makhleb
Nemelex Xobeh
Okawaru
Qazlal
Ru
Sif Muna
Trog
Uskayaw
Vehumet
Wu Jian
Xom
Yredelemnul
Zin
The Shining One

Annotations:
D:3 Purgy
D:6 exclusion: oklob plant
D:10 Gastronok, Sonja


Innate Abilities, Weirdness & Mutations

You are too large for most types of armour.
You have tough skin. (AC +1)


Message History

You see here an arrow.
Unknown command.
You open the door.
An orc comes into view. It is wielding a flail.
The orc shouts!
You hear a shout!
An orc priest comes into view. It is wielding a flail.
The centaur shoots an arrow.
The arrow closely misses you.
An orc comes into view. It is wielding a flail.
There is an open door here.
An orc comes into view. It is wielding a dagger.
You close the door.
As you read the scroll of teleportation, it crumbles to dust.
You feel strangely unstable. The orc hits you with a flail!
* * * LOW HITPOINT WARNING * * *
The orc priest invokes the aid of Beogh against you.
You resist with almost no effort.
Okay, then.
You fade into invisibility!
A centaur opens the door.
The orc hits you with a flail!
You die...

#.# #...>......#,
#..^....(..#
#...c......# ,
####(####### * * #..##
* # ##..# # ##c# * * #
#####'#### * * #######
#...@o...# * , ,*
......# #.....(..# ,
.<....# #........#* ,
, * ......#
#..oo....'.. , *
......# #........##. *
,
......#######...o....#
# ,
....)..>....+........#
,
......#######........#
, ####(## #........# *
*


You could see a centaur, an orc priest and 3 orcs.

Vanquished Creatures
  Erica (D:8)
  A kobold demonologist (D:11)
  3 hippogriffs
  11 yaks
  2 basilisks (D:10)
  2 hungry ghosts
  Grum (D:8)
  Menkaure (D:7)
  2 water moccasins
  5 orc warriors
  2 ice beasts
  3 sky beasts
  A swamp drake (D:10)
  A black bear (D:9)
  9 ogres
  A phantom (D:5)
  3 wolves (D:8)
  4 centaurs
  4 crocodiles
  3 big kobolds (D:5)
  5 bullfrogs
  A wyvern skeleton (D:6)
  5 scorpions
  3 howler monkeys
  An electric eel (D:8)
  A quasit (D:9)
  6 crimson imps
  4 orc priests
  A centaur skeleton (D:5)
  6 hounds
  7 jellies
  13 orc wizards
  9 worker ants
  5 iguanas
  A killer bee zombie (D:5)
  A hound zombie (D:8)
  Robin (D:2)
  A howler monkey zombie (D:10)
  2 worker ant zombies (D:10)
  2 gnolls (D:5)
  16 adders
  3 shadow imps (D:10)
  7 oozes
  An adder zombie (D:9)
  An adder skeleton (D:4)
  3 worms
  A dart slug (D:3)
  6 leopard geckos
  39 orcs
  4 ball pythons
  10 bats
  2 bat zombies (D:9)
  4 giant cockroaches
  20 goblins
  12 hobgoblins
  19 jackals
  4 quokkas
  4 frilled lizards
  2 giant cockroach zombies
  62 kobolds
  2 leopard gecko skeletons
  2 quokka skeletons
  14 rats
  3 rat zombies (D:9)
376 creatures vanquished.

Vanquished Creatures (collateral kills)
  A centaur skeleton (D:11)
  A yak (D:11)
  A wyvern (D:8)
  A sky beast (D:11)
  An ogre (D:11)
  A centaur (D:11)
  An orc priest (D:5)
  An iguana (D:5)
  9 orcs
17 creatures vanquished.

Vanquished Creatures (others)
  A plant (D:1)
1 creature vanquished.

Grand Total: 394 creatures vanquished

Notes
Turn   | Place    | Note
-------+----------+-------------------------------------------
     0 | D:1      | inc the Ogre Ice Elementalist began the quest for the Orb.
     0 | D:1      | Reached XP level 1. HP: 16/16 MP: 3/3
   159 | D:1      | Reached XP level 2. HP: 24/24 MP: 3/5
   618 | D:1      | Reached XP level 3. HP: 31/31 MP: 4/7
  1090 | D:2      | Reached XP level 4. HP: 35/39 MP: 5/9
  1355 | D:2      | Found a radiant altar of Vehumet.
  1455 | D:2      | Found a burning altar of Makhleb.
  1559 | D:2      | Noticed Robin
  1589 | D:2      | Killed Robin
  1597 | D:2      | Reached XP level 5. HP: 45/45 MP: 1/11
  2351 | D:3      | Found a shimmering altar of Xom.
  2450 | D:3      | Noticed Purgy
  3168 | D:3      | Noticed a centaur
  3175 | D:3      | Killed a centaur
  3175 | D:3      | Reached skill level 5 in Spellcasting
  3175 | D:3      | Reached XP level 6. HP: 17/53 MP: 8/13
  3513 | D:3      | Reached skill level 5 in Ice Magic
  4204 | D:4      | Noticed a phantom
  4345 | D:4      | Noticed a phantom
  4521 | D:4      | Reached XP level 7. HP: 55/59 MP: 9/16
  4526 | D:4      | Learned a level 3 spell: Ozocubu's Armour
  4531 | D:4      | Learned a level 4 spell: Throw Icicle
  4773 | D:4      | Reached skill level 1 in Conjurations
  4929 | D:4      | Found a bloodstained altar of Trog.
  5315 | D:5      | Entered Level 5 of the Dungeon
  5649 | D:5      | Learned a level 4 spell: Summon Ice Beast
  5700 | D:5      | Reached skill level 1 in Summonings
  5888 | D:5      | Found a staircase to the Ecumenical Temple.
  6107 | Temple   | Entered the Ecumenical Temple
  6695 | D:6      | Reached XP level 8. HP: 54/67 MP: 6/17
  6960 | D:6      | Noticed a yak
  6960 | D:6      | Noticed a yak
  6960 | D:6      | Noticed a yak
  6961 | D:6      | Noticed a yak
  6961 | D:6      | Noticed a yak
  6962 | D:6      | Noticed a yak
  7591 | D:6      | Found a shimmering altar of Xom.
  7591 | D:6      | Noticed an oklob plant
  7703 | Temple   | Became a worshipper of Ashenzari the Shackled
  7820 | D:5      | Reached skill level 5 in Summonings
  7839 | D:5      | Found an iron altar of Okawaru.
  9364 | D:5      | Reached skill level 1 in Fighting
  9364 | D:5      | Reached skill level 1 in Maces & Flails
  9636 | D:5      | Reached XP level 9. HP: 71/80 MP: 18/18
  9777 | D:5      | Reached skill level 2 in Maces & Flails
 10030 | D:6      | Reached skill level 3 in Maces & Flails
 10049 | D:6      | HP: 2/85 [yak (12)]
 10063 | D:6      | HP: 1/85 [yak (5)]
 10094 | D:6      | Reached skill level 5 in Fighting
 10541 | D:6      | Reached skill level 4 in Maces & Flails
 11362 | D:6      | Reached skill level 5 in Maces & Flails
 11817 | D:7      | Noticed Menkaure
 11827 | D:7      | Killed Menkaure
 12226 | D:7      | Reached XP level 10. HP: 44/104 MP: 15/19
 12853 | D:8      | Noticed Erica
 13193 | D:8      | Found a hide-covered altar of Uskayaw.
 13557 | D:8      | Killed Erica
 13557 | D:8      | Reached skill level 5 in Conjurations
 13680 | D:8      | Reached * piety under Ashenzari
 14394 | D:8      | Noticed Grum
 14405 | D:8      | Killed Grum
 14925 | D:9      | Found an ancient bone altar of Kikubaaqudgha.
 15696 | D:10     | Entered Level 10 of the Dungeon
 16056 | D:10     | Reached XP level 11. HP: 75/111 MP: 15/20
 16191 | D:10     | Reached ** piety under Ashenzari
 16195 | D:10     | Reached skill level 6 in Maces & Flails
 16761 | D:10     | Reached skill level 7 in Maces & Flails
 17371 | D:10     | Found a staircase to the Lair.
 17689 | D:10     | Noticed Gastronok
 17693 | D:10     | Noticed Sonja
 18139 | D:10     | Noticed a six-headed hydra
 18294 | D:10     | Identified the +4 scale mail of Qoedam {+Inv MR- Str+3}
 18353 | D:11     | Reached skill level 8 in Maces & Flails
 19120 | D:11     | Reached skill level 9 in Maces & Flails
 19447 | D:11     | HP: 5/111 [orc/flail (8)]
 19448 | D:11     | Mangled by an orc

Vault maps used:
D:1:      dpeg_arrival_subterranean_lakeside_camping, lexackson_kobold_supper
D:2:      lemuel_crystal_altar, bloody_makhleb, uniq_robin
D:3:      xom_teletrap_fun, uniq_purgy
D:4:      lemuel_coloured_pillars_altar, first_ration,
          minmay_misc_feat_more_columns
D:5:      minmay_goblin_kobold_castle, okawaru_altar_gauntlet_db,
          temple_fountains
D:6:      lemuel_oklob_altar
D:7:      uniq_menkaure
D:8:      hangedman_little_slice_of_home, kennysheep_diamond, lemuel_tele_altar,
          uniq_grum, uniq_erica
D:9:      lemuel_zombie_altar_kikubaaqudgha
D:10:     erik_lair_dragon, uniq_sonja, uniq_gastronok
D:11:     fedhas_altar_decomposition, uniq_nergalle, uniq_josephine,
          uniq_maurice
Temple:   dpeg_five_rooms_temple

Skill      XL: |  1  2  3  4  5  6  7  8  9 10 11 |
---------------+----------------------------------+-----
Ice Magic      | 3 4 5 7 |  7.0
Spellcasting   | 3 4 5 6 |  6.0
Conjurations   | 2 7 |  7.0
Summonings     | 3 6 |  6.3
Fighting       | 2 8 |  8.1
Maces & Flails | 1 5 9 |  9.2
Dodging        | |  1.7
Stealth        | |  1.4

Action                   |  1- 3 |  4- 6 |  7- 9 | 10-12 || total
-------------------------+-------+-------+-------+-------++-------
Melee: Unarmed           |     4 |       |       |       ||     4
       Whip              |     8 |       |   306 |    67 ||   381
       Short sword       |     7 |    37 |     1 |       ||    45
       Giant club        |       |       |       |   210 ||   210
 Cast: Freeze            |    51 |   147 |   175 |   137 ||   510
       Summon Ice Beast  |       |       |     3 |    18 ||    21
       Ozocubu's Armour  |       |       |     7 |    15 ||    22
       Throw Icicle      |       |       |     8 |    14 ||    22
Invok: Curse Item        |       |       |     4 |     2 ||     6
  Use: Scroll            |       |       |    12 |    14 ||    26
       Potion            |       |       |     1 |     5 ||     6
 Stab: Sleeping          |       |     1 |     2 |     1 ||     4
       Distracted        |       |       |       |     1 ||     1
  Eat: Chunk             |       |    10 |    21 |    17 ||    48
       Ration            |       |       |     2 |     4 ||     6
Armor: Robe              |    20 |    27 |   116 |   118 ||   281
Dodge: Dodged            |    35 |    84 |   276 |   233 ||   628
       Deflected         |       |     1 |    26 |    15 ||    42

Table legend:
 A = Spawn XP
 B = Non-spawn XP
 C = Spawn XP percentage of total XP
 D = Spawn monster count
 E = Non-spawn monster count
 F = Spawn count percentage of total count
 G = Total turns spent on level
                    A         B        C        D         E        F      G
               +---------+---------+-------+---------+---------+-------+---------
         Total |       0 |   14671 |   0.0 |       0 |     393 |   0.0 | 19448
               +---------+---------+-------+---------+---------+-------+---------
           D:1 |       0 |      64 |   0.0 |       0 |      36 |   0.0 |  1039
           D:2 |       0 |     150 |   0.0 |       0 |      39 |   0.0 |  1312
           D:3 |       0 |     278 |   0.0 |       0 |      28 |   0.0 |  1619
           D:4 |       0 |     301 |   0.0 |       0 |      24 |   0.0 |  1345
           D:5 |       0 |    1409 |   0.0 |       0 |     100 |   0.0 |  3813
           D:6 |       0 |    1994 |   0.0 |       0 |      34 |   0.0 |  1887
           D:7 |       0 |     535 |   0.0 |       0 |       9 |   0.0 |  1210
           D:8 |       0 |    2820 |   0.0 |       0 |      30 |   0.0 |  1844
           D:9 |       0 |    1399 |   0.0 |       0 |      25 |   0.0 |  1740
          D:10 |       0 |    2485 |   0.0 |       0 |      36 |   0.0 |  1848
          D:11 |       0 |    3236 |   0.0 |       0 |      32 |   0.0 |  1131
               +---------+---------+-------+---------+---------+-------+---------
